Construct Infanterie Kompanie
Construct Panzergrenadier Kompanie
Pak 40 Anti-tank Gun Team
Selects Mechanized Battlegroup
Selects Mechanized Battlegroup
Selects Mobile Repair Stations
Selects 8 Rad Armored Car
Pak 40 Anti-tank Gun Team
Pak 40 Anti-tank Gun Team
Construct Panzer Kompanie
Pak 40 Anti-tank Gun Team
Selects UNKNOWN (2160084)
Selects Stoßtruppen Assault Package
Selects Mechanized Assault
Pak 40 Anti-tank Gun Team
Pak 40 Anti-tank Gun Team